 Dungeon Crawl Stone Soup version 0.29-a0-352-g0917bc69df (webtiles) character file.

Game seed: 16025733708737532974

866 101zpm the Gusty (level 8, 0/52 (57) HPs)
             Began as a Gnoll Air Elementalist on Apr 24, 2022.
             Slain by Duvessa
             ... wielding a +3 short sword of draining
              (15 damage)
             ... on level 6 of the Dungeon.
             The game lasted 00:15:46 (5995 turns).

101zpm the Gusty (Gnoll Air Elementalist)           Turns: 5995, Time: 00:15:47

HP:   0/52 (57)     AC:  1    Str:  6 (7)  XL:     8   Next: 3%
MP:   2/16          EV: 18    Int: 16      God:
Gold: 176           SH:  0    Dex: 15 (16) Spells: 8/18 levels left

rFire   . . .      SeeInvis .   i - +2 war axe (elec)
rCold   . . .      Faith    .   c - orb {mayhem}
rNeg    . . .      Spirit   .   a - +0 robe
rPois   .          Reflect  .   (no helmet)
rElec   .          Harm     .   (no cloak)
rCorr   .          Rampage  .   (no gloves)
Will    .....                   (no boots)
Stlth   +++.......              (no amulet)
HPRegen 0.17/turn               h - +4 ring of evasion
MPRegen 0.15/turn               (no ring)

@: drained, unable to read
A: fangs 1, strong nose, distributed training, agile 1, deformed body, sense
surroundings 1, inability to read while threatened
a: no special abilities


You were on level 6 of the Dungeon.
You visited 1 branch of the dungeon, and saw 7 of its levels.
You also visited: Sewer.

You collected 176 gold pieces.

Inventory:

Hand Weapons
 i - a +2 war axe of electrocution (weapon)
Missiles
 q - 26 poisoned darts
Armour
 a - a +0 robe (worn)
 c - an orb of mayhem (worn)
Jewellery
 h - a +4 ring of evasion (left hand)
 s - a ring of see invisible
 v - an amulet of faith
 x - a ring of wizardry
Wands
 y - a wand of charming (10)
Scrolls
 d - a scroll of enchant armour {unknown}
 e - a scroll of vulnerability {unknown}
 f - a scroll of fear {unknown}
 g - a scroll of amnesia {unknown}
 j - 4 scrolls of blinking {unknown}
 k - 5 scrolls of immolation
 l - a scroll of summoning {unknown}
 n - a scroll of fog {unknown}
 p - a scroll of noise {unknown}
 u - 3 scrolls of identify
Potions
 b - a potion of magic
 m - 2 potions of curing {unknown}
 o - a potion of ambrosia {unknown}
 r - a potion of cancellation {unknown}
 t - a potion of resistance {unknown}
 w - 2 potions of flight {unknown}


   Skills:
 + Level 2.8 Fighting
 + Level 2.8 Short Blades
 + Level 2.8 Long Blades
 + Level 2.8 Axes
 + Level 2.8 Maces & Flails
 + Level 2.8 Polearms
 + Level 2.8 Staves
 + Level 2.8 Slings
 + Level 2.8 Bows
 + Level 2.8 Crossbows
 + Level 2.8 Throwing
 + Level 2.8 Armour
 + Level 5.4 Dodging
 + Level 5.1 Stealth
 + Level 2.8 Shields
 + Level 2.8 Unarmed Combat
 + Level 5.8 Spellcasting
 + Level 3.2 Conjurations
 + Level 2.3 Hexes
 + Level 2.3 Summonings
 + Level 2.3 Necromancy
 + Level 2.3 Translocations
 + Level 2.3 Transmutations
 + Level 2.3 Fire Magic
 + Level 2.3 Ice Magic
 + Level 6.0 Air Magic
 + Level 2.3 Earth Magic
 + Level 2.3 Poison Magic
 + Level 3.1 Invocations
 + Level 2.8 Evocations


You had 8 spell levels left.
You knew the following spells:

 Your Spells              Type           Power      Damage    Failure   Level
a - Shock                 Conj/Air       76%        1d7       2%          1
b - Static Discharge      Conj/Air       19%        N/A       3%          2
c - Swiftness             Air            23%        N/A       3%          3
d - Airstrike             Air            11%        N/A       12%         4

Your spell library contained the following spells:

 Spells                   Type           Power      Damage    Failure   Level
 Mephitic Cloud           Conj/Pois/Air  17%        N/A       9%          3
 Dazzling Flash           Conj/Hex       26%        N/A       14%         3
 Ignite Poison            Fire/Tmut/Pois 12%        N/A       16%         3
 Animate Armour           Summ/Erth      24%        N/A       47%         4
 Silence                  Hex/Air        9%         N/A       56%         5
 Freezing Cloud           Conj/Ice/Air   8%         6-21      63%         5
 Agony                    Necr           12%        N/A       83%         5
 Spellforged Servitor     Conj/Summ      6%         N/A       100%        7
 Necromutation            Tmut/Necr      6%         N/A       100%        8


Dungeon Overview and Level Annotations

Branches:
Dungeon (7/15)              Sewer (visited)
 Temple: D:4-7

Altars:
Xom

Annotations:
D:4 Natasha
D:6 Duvessa, Maggie
D:7 Prince Ribbit


Innate Abilities, Weirdness & Mutations

You have very sharp teeth.
Your uncanny sense of smell can sniff out nearby items.
Your experience applies equally to all skills.
You are agile. (Dex +2)
Armour fits poorly on your strangely shaped body.
You passively map a small area around you.
You sometimes lose the ability to read scrolls when taking damage.


Message History

You have reached level 8!
You feel agile.
Casting: Airstrike (dangerous; 12% risk of failure)
Confirm with . or Enter, or press ? or * to list all spells.
Aiming: Airstrike (dangerous; 12% risk of failure)
Press: ? - help, Dir - move target, f - Duvessa
Aim: Duvessa, wielding a +3 short sword of draining and wearing a +0 ring mail (berserk, empty space bonus: 7/8)
The air twists around and strikes Duvessa!
Duvessa is moderately wounded.
You hear a bellow!
Duvessa rages.
You hear a bellow!
Aiming: Shock (safe; 2% risk of failure)
Press: ? - help, Q - select action, (/) - cycle Shift-Dir - straight line, f/p - Duvessa
Aim: Duvessa, wielding a +3 short sword of draining and wearing a +0 ring mail (moderately wounded, berserk, 79% to hit)
The zap misses Duvessa.
Duvessa hits you with a +3 short sword of draining!
You feel drained. Duvessa barely misses you.
Duvessa rages.
Duvessa attacks as you move away!
Duvessa hits you with a +3 short sword of draining!
You feel threatened and lose the ability to read scrolls!
You feel drained. Duvessa misses you.
Aiming: Shock (safe; 2% risk of failure)
Press: ? - help, Q - select action, (/) - cycle Shift-Dir - straight line, f/p - Duvessa
Aim: Duvessa, wielding a +3 short sword of draining and wearing a +0 ring mail (moderately wounded, berserk, 79% to hit)
The zap hits Duvessa but does no damage.
Duvessa is moderately wounded.
Duvessa closely misses you.
Aiming: Shock (safe; 2% risk of failure)
Press: ? - help, Q - select action, (/) - cycle Shift-Dir - straight line, f/p - Duvessa
Aim: Duvessa, wielding a +3 short sword of draining and wearing a +0 ring mail (moderately wounded, berserk, 79% to hit)
The zap hits Duvessa.
Duvessa is heavily wounded.
Duvessa hits you with a +3 short sword of draining!
* * * LOW HITPOINT WARNING * * *
You feel drained.
Duvessa hits you with a +3 short sword of draining!
You die...

...#.#.###.....# ###'######
...#.#)# #.....# #........#
.......###.....# #........#
##.............# #........#
...........#...#####...####### ##
...#..#......................##..
##.........#.#..#..........#.#...
.............##.#.........#..#...
#####.##........@....#...#...#...
......##.##.##...e..#...#....#...
.......<.##.##.........#.....#..#
#+#.#..........##.#.#.#..........
............#####........#.......
..............# ##..Y.#.#........
..............# ##...........##.
..............# *##..#......## .
#.............# ,##........#


You could see a yak and Duvessa (berserk).

Vanquished Creatures
  A black bear (D:6)
  2 phantoms (D:5)
  3 kobold brigands (Sewer)
  A necrophage (D:6)
  Dowan (D:6)
  2 orc priests (D:3)
  A hound (D:6)
  2 iguanas (D:5)
  An adder (D:6)
  2 river rats (Sewer)
  2 white imps (D:6)
  2 ufetubi (D:5)
  4 worms
  A dart slug (D:2)
  10 orcs
  7 endoplasms
  4 giant cockroaches
  3 goblins
  4 hobgoblins (D:1)
  12 kobolds
  6 quokkas
  7 ball pythons
  6 bats
  2 frilled lizards
  5 rats
91 creatures vanquished.

Vanquished Creatures (collateral kills)
  An orc priest (D:3)
  An orc (D:3)
  A giant cockroach (D:3)
  A kobold (D:3)
  A frilled lizard (D:3)
5 creatures vanquished.

Vanquished Creatures (others)
  A kobold (Sewer)
  7 plants
8 creatures vanquished.

Grand Total: 104 creatures vanquished

Notes
Turn   | Place    | Note
-------+----------+-------------------------------------------
     0 | D:1      | 101zpm the Gnoll Air Elementalist began the quest for the
                  | Orb.
     0 | D:1      | Reached XP level 1. HP: 13/13 MP: 6/6
   191 | D:1      | Reached XP level 2. HP: 19/19 MP: 2/7
   872 | D:1      | Reached XP level 3. HP: 25/25 MP: 7/9
  1098 | D:3      | Reached skill level 5 in Spellcasting
  1114 | D:3      | Found a glowing drain.
  1128 | Sewer    | Entered a sewer
  1385 | Sewer    | Noticed a kobold brigand
  1393 | Sewer    | Learned a level 2 spell: Static Discharge
  1470 | Sewer    | Reached skill level 1 in Invocations
  1610 | Sewer    | Reached skill level 1 in Fighting
  1610 | Sewer    | Reached skill level 1 in Short Blades
  1610 | Sewer    | Reached skill level 1 in Long Blades
  1610 | Sewer    | Reached skill level 1 in Axes
  1610 | Sewer    | Reached skill level 1 in Maces & Flails
  1610 | Sewer    | Reached skill level 1 in Polearms
  1610 | Sewer    | Reached skill level 1 in Staves
  1610 | Sewer    | Reached skill level 1 in Slings
  1610 | Sewer    | Reached skill level 1 in Bows
  1610 | Sewer    | Reached skill level 1 in Crossbows
  1610 | Sewer    | Reached skill level 1 in Throwing
  1610 | Sewer    | Reached skill level 1 in Armour
  1610 | Sewer    | Reached skill level 1 in Shields
  1610 | Sewer    | Reached skill level 1 in Unarmed Combat
  1610 | Sewer    | Reached skill level 1 in Evocations
  1610 | Sewer    | Reached XP level 4. HP: 32/32 MP: 3/11
  1776 | Sewer    | Learned a level 3 spell: Swiftness
  1781 | Sewer    | Learned a level 4 spell: Airstrike
  1791 | Sewer    | Noticed a kobold brigand
  1798 | Sewer    | Noticed a kobold brigand
  1816 | Sewer    | Killed a kobold brigand
  1817 | Sewer    | Reached skill level 1 in Hexes
  1817 | Sewer    | Reached skill level 1 in Summonings
  1817 | Sewer    | Reached skill level 1 in Necromancy
  1817 | Sewer    | Reached skill level 1 in Translocations
  1817 | Sewer    | Reached skill level 1 in Transmutations
  1817 | Sewer    | Reached skill level 1 in Fire Magic
  1817 | Sewer    | Reached skill level 1 in Ice Magic
  1817 | Sewer    | Reached skill level 1 in Earth Magic
  1817 | Sewer    | Reached skill level 1 in Poison Magic
  1817 | Sewer    | Reached XP level 5. HP: 10/37 MP: 1/12
  1850 | Sewer    | Killed a kobold brigand
  2179 | Sewer    | Killed a kobold brigand
  2180 | Sewer    | Reached XP level 6. HP: 44/44 MP: 4/14
  2684 | Sewer    | Gained mutation: You have hidden genetic defects. [potion
                  | of mutation]
  2684 | Sewer    | Gained mutation: You passively map a small area around you.
                  | [potion of mutation]
  2684 | Sewer    | Gained mutation: You are agile. (Dex +2) [potion of
                  | mutation]
  2826 | D:3      | Reached skill level 5 in Dodging
  2831 | D:3      | Gained mutation: You sometimes lose the ability to read
                  | scrolls when taking damage. [hidden defects]
  3101 | D:3      | Found a faded altar of an unknown god.
  3175 | D:3      | Got the Reference Book on Creative Changing
  3833 | D:2      | Gained mutation: Armour fits poorly on your strangely
                  | shaped body. [hidden defects]
  3833 | D:2      | Lost mutation: You have hidden genetic defects. [hidden
                  | defects expressed]
  4843 | D:2      | You fall into a shaft and drop 2 floors!
  4843 | D:4      | Noticed Natasha
  4848 | D:5      | Entered Level 5 of the Dungeon
  4857 | D:5      | Reached XP level 7. HP: 45/50 MP: 9/15
  4936 | D:5      | Found a shimmering altar of Xom.
  5401 | D:5      | Noticed a yak
  5401 | D:5      | Noticed a yak
  5555 | D:7      | Noticed Prince Ribbit
  5659 | D:6      | Reached skill level 5 in Stealth
  5916 | D:6      | Noticed Maggie
  5979 | D:6      | Noticed Duvessa
  5979 | D:6      | Noticed Dowan
  5979 | D:6      | Noticed a yak
  5979 | D:6      | Noticed a yak
  5979 | D:6      | Noticed a yak
  5983 | D:6      | Killed Dowan
  5984 | D:6      | Reached skill level 6 in Air Magic
  5984 | D:6      | Reached XP level 8. HP: 57/57 MP: 7/16
  5995 | D:6      | Slain by Duvessa

Illustrated notes

Levels and vault maps discovered:
D:1:      matt_arrival_diagonals, layout_loops_corners
D:2:      layout_basic, serial_forest, infiniplex_forest_end_1,
          infiniplex_forest_clump_small, infiniplex_forest_diagonal,
          infiniplex_forest_lined_4_way, infiniplex_forest_lined_room_2,
          infiniplex_forest_clump_medium, infiniplex_forest_lined_ring,
          infiniplex_forest_straight_4, chequers_serial_rivers_large_b,
          chequers_big_river
D:3:      layout_loops_ring, shapermc_ecumenical_altar_mp_highgroup,
          portal_sewer_entry_a, lexackson_kobold_supper
D:4:      layout_loops_ring, lemuel_old_faithful, uniq_natasha
D:5:      layout_loops_ring, mainiacjoe_overflow_catwalk, serial_shops,
          nicolae_shop_trees
D:6:      layout_basic, minmay_temple_entry_glass, hangedman_decor_opposing,
          uniq_maggie, uniq_duvessa, uniq_edmund
D:7:      layout_rooms, nicolae_ossuary_entry_ruins, lightli_corner_chamber,
          uniq_prince_ribbit1

Skill      XL: |  1  2  3  4  5  6  7 |
---------------+----------------------+-----
Conjurations   | 2 3 |  3.2
Spellcasting   | 5 |  5.8
Invocations    | 1 2 3 |  3.1
Fighting       | 1 2 |  2.8
Short Blades   | 1 2 |  2.8
Long Blades    | 1 2 |  2.8
Axes           | 1 2 |  2.8
Maces & Flails | 1 2 |  2.8
Polearms       | 1 2 |  2.8
Staves         | 1 2 |  2.8
Slings         | 1 2 |  2.8
Bows           | 1 2 |  2.8
Crossbows      | 1 2 |  2.8
Throwing       | 1 2 |  2.8
Armour         | 1 2 |  2.8
Shields        | 1 2 |  2.8
Unarmed Combat | 1 2 |  2.8
Evocations     | 1 2 |  2.8
Hexes          | 1 2 |  2.3
Summonings     | 1 2 |  2.3
Necromancy     | 1 2 |  2.3
Translocations | 1 2 |  2.3
Transmutations | 1 2 |  2.3
Fire Magic     | 1 2 |  2.3
Ice Magic      | 1 2 |  2.3
Earth Magic    | 1 2 |  2.3
Poison Magic   | 1 2 |  2.3
Dodging        | 5 |  5.4
Stealth        | 5 |  5.1
Air Magic      | 6 |  6.0

Action                   |  1- 3 |  4- 6 |  7- 9 || total
-------------------------+-------+-------+-------++-------
Melee: War axe           |       |       |     3 ||     3
 Cast: Shock             |    61 |   115 |    71 ||   247
       Static Discharge  |       |     3 |       ||     3
       Airstrike         |       |       |     3 ||     3
  Use: Scroll            |     3 |       |       ||     3
       Potion            |       |     5 |       ||     5
Armor: Robe              |     1 |     1 |     2 ||     4
Dodge: Dodged            |     3 |    22 |    35 ||    60

Table legend: (Time is in decaauts)
 A = Elapsed time spent in this place.
 B = Non-inter-level travel time spent in this place.
 C = Inter-level travel time spent in this place.
 D = Time resting spent in this place.
 E = Time spent auto-exploring this place.
 F = Levels seen in this place.
 G = Mean time per level.
                   A        B        C        D        E       F      G
               +--------+--------+--------+--------+--------+-----+--------+
         Total |   6199 |   6169 |     30 |   1280 |   4076 |   8 |  774.9 |
       Dungeon |   4435 |   4405 |     30 |    372 |   3495 |   7 |  633.6 |
         Sewer |   1763 |   1763 |      0 |    908 |    580 |   1 | 1763.0 |
               +--------+--------+--------+--------+--------+-----+--------+

Top non-repeatable levels by time:
   Sewer: 1763 daAuts
     D:2: 1232 daAuts
     D:1: 1086 daAuts
     D:3: 964 daAuts
     D:5: 676 daAuts
     D:6: 468 daAuts
     D:4: 4 daAuts
     D:7: 3 daAuts
